 Dungeon Crawl Stone Soup version 0.26.0-3-g156281e41b (webtiles) character file.

Game seed: 4170669450953679490

492 Fulmax the Covered (level 6, -1/57 HPs)
             Began as a Minotaur Fighter on Jan 9, 2021.
             Slain by a two-headed ogre
             ... wielding a +0 giant club
              (17 damage)
             ... on level 5 of the Dungeon.
             The game lasted 00:08:31 (4023 turns).

Fulmax the Covered (Minotaur Fighter)               Turns: 4023, Time: 00:08:32

Health: -1/57      AC: 13    Str: 21    XL:     6   Next: 91%
Magic:  5/5        EV:  4    Int:  7    God:
Gold:   281        SH: 10    Dex:  9    Spells: 5/5 levels left

rFire    . . .     SeeInvis .   b - +1 war axe (flame)
rCold    . . .     Faith    .   c - +0 kite shield
rNeg     . . .     Spirit   .   e - +0 plate armour
rPois    .         Reflect  .   (helmet restricted)
rElec    .         Harm     .   q - +0 cloak
rCorr    .         Rampage  .   (no gloves)
Will     .....                  (no boots)
Stlth    ..........             (no amulet)
HPRegen  0.19/turn              (no ring)
MPRegen  0.09/turn              (no ring)

@: no status effects
A: retaliatory headbutt, horns 2
a: no special abilities


You were on level 5 of the Dungeon.
You visited 1 branch of the dungeon, and saw 5 of its levels.

You collected 281 gold pieces.

Inventory:

Hand Weapons
 b - a +1 war axe of flaming (weapon)
Missiles
 t - a throwing net (quivered)
Armour
 c - a +0 kite shield (worn)
 e - a +0 plate armour (worn)
 q - a +0 cloak (worn)
Jewellery
 r - an uncursed ring of ice
Wands
 l - a wand of enslavement (11)
 p - a wand of flame (18)
Scrolls
 a - a scroll of remove curse
 k - 4 scrolls of identify
 n - a scroll of teleportation
Potions
 d - 2 potions of might
 g - 2 potions of cancellation {unknown}
 h - a potion of berserk rage
 j - 2 potions of haste {unknown}
 m - 2 potions of curing
 s - a potion of magic


   Skills:
 + Level 5.6 Fighting
 + Level 4.9 Axes
 + Level 5.7 Armour
 + Level 5.6 Shields


You had 5 spell levels left.
You didn't know any spells.
Your spell library was empty.

Dungeon Overview and Level Annotations

Branches:
Dungeon (5/15)
 Temple: D:4-7

Altars:
Dithmenos
Makhleb
Ru
Sif Muna
Wu Jian


Innate Abilities, Weirdness & Mutations

You reflexively headbutt those who attack you in melee.
You have a pair of horns on your head.


Message History

A two-headed ogre comes into view. It is wielding two +0 giant clubs.
There is a shimmering blue altar of Sif Muna here.
You block the two-headed ogre's attack.
The two-headed ogre hits you with a +0 giant club!
You hit the two-headed ogre. You burn the two-headed ogre.
You headbutt the two-headed ogre.
The two-headed ogre is moderately wounded.
The two-headed ogre hits you but does no damage.
The two-headed ogre hits you with a +0 giant club.
You slash the two-headed ogre! You burn the two-headed ogre.
You headbutt the two-headed ogre!
The two-headed ogre is severely wounded.
The two-headed ogre hits you with a +0 giant club!
The two-headed ogre hits you with a +0 giant club.
You closely miss the two-headed ogre.
The two-headed ogre is severely wounded.
The two-headed ogre hits you with a +0 giant club.
* * * LOW HITPOINT WARNING * * *
The two-headed ogre hits you with a +0 giant club!
You die...

...#.. #....#
#....# #...##
##...########
##.......<...#
####............#
......._.......#
.......@.......#
#####..O.......#
#........<.##
#..............#
#...........#....#
#...........##
#### #...........#
............#
.......###


You could see a two-headed ogre.

Vanquished Creatures
  Edmund (D:4)
  A bullfrog zombie (D:4)
  A centaur skeleton (D:4)
  An orc priest (D:4)
  Crazy Yiuf (D:3)
  Jessica (D:2)
  An iguana (D:4)
  Robin (D:2)
  4 gnolls (D:3)
  7 adders
  3 oozes
  4 worms (D:2)
  3 leopard geckos
  3 orcs
  3 ball pythons
  7 bats
  4 giant cockroaches
  7 goblins
  9 hobgoblins
  8 kobolds
  3 quokkas
  15 frilled lizards
  10 rats
98 creatures vanquished.

Notes
Turn   | Place    | Note
-------+----------+-------------------------------------------
     0 | D:1      | Fulmax the Minotaur Fighter began the quest for the Orb.
     0 | D:1      | Reached XP level 1. HP: 19/19 MP: 0/0
   156 | D:1      | Reached XP level 2. HP: 27/27 MP: 1/1
   879 | D:2      | Reached XP level 3. HP: 33/33 MP: 2/2
   941 | D:2      | Noticed Jessica
  1018 | D:2      | Reached XP level 4. HP: 35/40 MP: 3/3
  1538 | D:2      | Killed Jessica
  1659 | D:2      | Noticed Robin
  1672 | D:2      | Killed Robin
  1904 | D:2      | Found a shadowy altar of Dithmenos.
  1908 | D:2      | Reached XP level 5. HP: 46/47 MP: 4/4
  2096 | D:3      | Found a runed translucent door.
  2097 | D:3      | Noticed Crazy Yiuf
  2144 | D:3      | Killed Crazy Yiuf
  2413 | D:3      | Reached skill level 5 in Armour
  2417 | D:3      | Reached skill level 5 in Fighting
  2417 | D:3      | Reached skill level 5 in Shields
  2739 | D:3      | Found a sacrificial altar of Ru.
  2914 | D:3      | Found a shimmering blue altar of Sif Muna.
  3224 | D:4      | Got a colourful robe
  3235 | D:4      | Identified the cursed +1 robe "Kisast" {Harm rCorr Dex+10}
                  | (You found it on level 4 of the Dungeon)
  3242 | D:4      | Noticed Edmund
  3247 | D:4      | Killed Edmund
  3248 | D:4      | Reached XP level 6. HP: 42/56 MP: 5/5
  3737 | D:4      | Found an ornate altar of the Wu Jian Council.
  3739 | D:4      | Found a burning altar of Makhleb.
  4014 | D:5      | Entered Level 5 of the Dungeon
  4014 | D:5      | Found a shimmering blue altar of Sif Muna.
  4016 | D:5      | Noticed a two-headed ogre
  4023 | D:5      | Slain by a two-headed ogre

Illustrated notes

Levels and vault maps discovered:
D:1:      wander_arrival_estate, layout_basic, palyth_stone_intersect,
          minmay_statues_item
D:2:      layout_basic, nicolae_dithmenos_through_a_glass_darkly,
          minmay_lizard_pond, uniq_jessica, uniq_robin
D:3:      layout_loops_ring, tgw_sif, nicolae_ru_awakened_eye,
          uniq_crazy_yiuf_cottage
D:4:      layout_loops_corners, grunt_temple_overflow_open, uniq_edmund
D:5:      layout_cave_pods, basic_altar, gup_sewer_entry_glass,
          fedhas_bush_and_centaur_altar, uniq_ijyb

Skill      XL: |  1  2  3  4  5 |
---------------+----------------+-----
Fighting       | 4 5 |  5.6
Axes           | 3 4 |  4.9
Armour         | 4 5 |  5.7
Shields        | 4 5 |  5.6

Action                   |  1- 3 |  4- 6 || total
-------------------------+-------+-------++-------
Melee: War axe           |    84 |   134 ||   218
       Headbutt          |    13 |    19 ||    32
Evoke: Wand              |       |     4 ||     4
  Use: Potion            |       |     1 ||     1
       Scroll            |       |     8 ||     8
Armor: Scale mail        |    44 |    61 ||   105
       Plate armour      |       |     2 ||     2
       Robe              |       |     1 ||     1
Dodge: Dodged            |    37 |    41 ||    78
Block: Kite shield       |    47 |    64 ||   111
